 Dungeon Crawl Stone Soup version 0.29.0-15-g675c0067aa (webtiles) character file.

Game seed: 1459560501141323967

12 qw the Sneak (level 2, -4/19 HPs)
             Began as a Gargoyle Delver on Sept 11, 2022.
             Slain by a necrophage (6 damage)
             ... on level 4 of the Dungeon.
             The game lasted 00:00:09 (410 turns).

qw the Sneak (Gargoyle Delver)                       Turns: 410, Time: 00:00:10

Health: -4/19      AC:  5    Str: 15    XL:     2   Next: 33%
Magic:  2/2        EV: 11    Int: 10    God:
Gold:   44         SH:  0    Dex: 11    Spells: 1/1 levels left

rFire   . . .      SeeInvis .   a - +0 hand axe
rCold   . . .      Faith    .   (no shield)
rNeg    + . .      Spirit   .   b - +0 leather armour
rPois   inf        Reflect  .   (no helmet)
rElec   +          Harm     .   (no cloak)
rCorr   .          Rampage  .   (no gloves)
Will    .....                   (no boots)
Stlth   +++.......              (no amulet)
HPRegen 0.06/turn               (no ring)
MPRegen 0.08/turn               (no ring)

@: no status effects
A: sickness immunity, AC +2, negative energy resistance 1, electricity
resistance, torment resistance 1, petrification resistance
a: no special abilities


You were on level 4 of the Dungeon.
You visited 1 branch of the dungeon, and saw 2 of its levels.

You collected 44 gold pieces.


Innate Abilities, Weirdness & Mutations

You are immune to sickness and miasma.
Your stone body is resilient. (AC +2)
You are immune to poison.
You resist negative energy. (rN+)
You are resistant to electric shocks. (rElec)
You are resistant to unholy torment.
You are immune to petrification.


   Skills:
 - Level 3.2 Fighting
 + Level 2.6 Axes
 - Level 1.5 Dodging
 - Level 5.4 Stealth


You had one spell level left.
You didn't know any spells.
Your spell library was empty.

Inventory:

Hand Weapons
 a - a +0 hand axe (weapon)
 c - a +0 club
Armour
 b - a +0 leather armour (worn)
Wands
 g - a wand of digging (3)
Potions
 f - a potion of haste

Dungeon Overview and Level Annotations

Branches:
Dungeon (5/15)
 Temple: D:4-7

Altars:


Message History

394 ||| Stepping ~*~*~tactically~*~*~ (hiding).
You hit the necrophage but do no damage.
The necrophage closely misses you.
You closely miss the necrophage. The necrophage barely misses you.
You barely miss the necrophage. The necrophage hits you.
You completely miss the necrophage. The necrophage completely misses you.
You closely miss the necrophage. The necrophage closely misses you.
You hit the necrophage.
The necrophage is lightly damaged.
The necrophage hits you but does no damage.
The necrophage hits you.
You completely miss the necrophage.
The necrophage is lightly damaged.
The necrophage hits you.
You barely miss the necrophage.
The necrophage is lightly damaged.
The necrophage closely misses you.
You barely miss the necrophage.
The necrophage is lightly damaged.
The necrophage hits you.
You closely miss the necrophage.
The necrophage is lightly damaged.
The necrophage hits you but does no damage.
You hit the necrophage but do no damage.
The necrophage is lightly damaged.
The necrophage barely misses you.
You closely miss the necrophage.
The necrophage is lightly damaged.
The necrophage hits you.
You hit the necrophage.
The necrophage is moderately damaged.
The necrophage hits you. The necrophage barely misses you.
You barely miss the necrophage.
The necrophage is lightly damaged.
The necrophage hits you.
You die...

##.###.##
.#. ## #..##
... ##..##
..o# ##..##
...# #...#
#..# ##..##
#.g#
##..####..#
##..##n#
#....@##
##.....#
#..#.....#
#..####....#
...# ##....
...# ##...
##.. ##. #.


You could see a necrophage.

Vanquished Creatures
  A dart slug (D:4)
  3 orcs (D:4)
  A goblin (D:4)
  A hobgoblin (D:4)
  A kobold (D:4)
7 creatures vanquished.

Notes
Turn   | Place    | Note
-------+----------+-------------------------------------------
     0 | D:5      | qw the Gargoyle Delver began the quest for the Orb.
     0 | D:5      | Reached XP level 1. HP: 14/14 MP: 1/1
     0 | D:5      | 0 ||| qw: Version: 0.1-a-117-gfe26ee0
     0 | D:5      | 0 ||| qw: Game counter: 10067
     0 | D:5      | 0 ||| qw: Always use a shield: true
     0 | D:5      | 0 ||| qw: God list: Okawaru
     0 | D:5      | 0 ||| qw: Allow faded altars: false
     0 | D:5      | 0 ||| qw: Do Orc after D:15 true
     0 | D:5      | 0 ||| qw: Do second Lair branch before Depths: true
     0 | D:5      | 0 ||| qw: Lair rune preference: random
     0 | D:5      | 0 ||| qw: Plans: Normal
     0 | D:5      | 0 ||| PLANNING D:1-11
     1 | D:5      | 1 ||| DROPPING scroll of fog.
     2 | D:5      | 2 ||| DROPPING scroll of magic mapping.
     3 | D:5      | 3 ||| DROPPING scroll of fear.
     7 | D:5      | 7 ||| FLEEEEING.
     8 | D:5      | 8 ||| FLEEEEING.
     9 | D:5      | 9 ||| FLEEEEING.
    11 | D:5      | 11 ||| STAIRDANCE
   189 | D:4      | Reached XP level 2. HP: 14/19 MP: 2/2
   390 | D:4      | Noticed a necrophage
   391 | D:4      | 391 ||| Stepping ~*~*~tactically~*~*~ (stealth).
   394 | D:4      | 394 ||| Stepping ~*~*~tactically~*~*~ (hiding).
   408 | D:4      | HP: 3/19 [necrophage (3)]
   409 | D:4      | HP: 1/19 [necrophage (2)]
   410 | D:4      | Slain by a necrophage

Levels and vault maps discovered:
D:4:      layout_cave_pods, st_stairs_7, minmay_crystal_room,
          chequers_serial_rivers_small_a, saegor_snake_ambush
D:5:      layout_cave_pools, chequers_serial_rivers_micro_d, grunt_ministairs_8,
          hangedman_decor_points

Skill      XL: |  1 |
---------------+----+-----
Axes           | 2 |  2.6
Fighting       | |  3.2
Dodging        | |  1.5
Stealth        | |  5.4

Action                   || total
-------------------------++-------
Melee: Hand axe          ||    41
       Punch             ||     2
Armor: Leather armour    ||     7
Dodge: Dodged            ||    17

Table legend:
 A = Non-vault XP
 B = Vault XP
 C = Vault XP percentage of total XP
 D = Non-vault monster count
 E = Vault monster count
 F = Vault count percentage of total count
                 A         B        C        D         E       F
            +---------+---------+-------+---------+---------+-------
      Total |      16 |       2 |  11.1 |       6 |       1 |  14.3
            +---------+---------+-------+---------+---------+-------
        D:4 |      16 |       2 |  11.1 |       6 |       1 |  14.3
            +---------+---------+-------+---------+---------+-------
